 Dungeon Crawl Stone Soup version 0.23.0-33-g5e6c059 (webtiles) character file.

Game seed: 5929915842766542718

196 DarkinPup the Slasher (level 5, -3/41 HPs)
             Began as a Demonspawn Gladiator on Feb 27, 2019.
             Killed by divine providence
             ... invoked by an orc priest
              (9 damage)
             ... on level 4 of the Dungeon.
             The game lasted 00:04:30 (2659 turns).

DarkinPup the Slasher (Demonspawn Gladiator)        Turns: 2659, Time: 00:04:31

Health: -3/41      AC:  8    Str: 14    XL:     5   Next: 45%
Magic:  5/5        EV: 12    Int: 10    God:
Gold:   169        SH:  0    Dex: 15    Spells: 4/4 levels left

rFire    + . .     SeeInvis .   a - +0 long sword
rCold    + . .     Gourm    .   (no shield)
rNeg     . . .     Faith    .   b - +0 leather armour
rPois    +         Spirit   .   (helmet restricted)
rElec    .         Reflect  .   m - scarf {rC+ rF+}
rCorr    .         Harm     .   (no gloves)
MR       .....                  n - +0 pair of boots
Stlth    +.........             (no amulet)
HPRegen  0.13/turn              (no ring)
MPRegen  0.09/turn              (no ring)

@: flying, heavily drained
A: antennae 1, slimy green scales 3
a: no special abilities


You were on level 4 of the Dungeon.
You were hungry.

You visited 1 branch of the dungeon, and saw 4 of its levels.

You collected 169 gold pieces.

Inventory:

Hand Weapons
 a - a +0 long sword (weapon)
Missiles
 d - 3 throwing nets (quivered)
 k - 5 poisoned tomahawks
Armour
 b - a +0 leather armour (worn)
 m - a scarf of resistance (worn)
 n - a +0 pair of boots (worn)
 w - a +0 chain mail
Wands
 c - a wand of disintegration (13)
 u - a wand of iceblast (11)
Scrolls
 h - a scroll of random uselessness {unknown}
 j - 2 scrolls of identify {unknown}
 l - 2 scrolls of fog {unknown}
 o - a scroll of noise {unknown}
 p - 2 scrolls of blinking {unknown}
 r - 4 scrolls of remove curse {unknown}
 v - 2 scrolls of amnesia {unknown}
Potions
 e - a potion of might {unknown}
 g - a potion of agility {unknown}
 i - a potion of heal wounds {unknown}
 s - 2 potions of cancellation
 t - 2 potions of curing
Comestibles
 f - 6 rations


   Skills:
 * Level 3.5(2.3) Fighting
 * Level 3.8(2.6) Long Blades
 - Level 1.7(0.5) Throwing
 + Level 1.4(0.2) Armour
 * Level 3.6(2.3) Dodging


You had 4 spell levels left.
You didn't know any spells.
Your spell library was empty.

Dungeon Overview and Level Annotations

Branches:
Dungeon (4/15)
 Temple: D:4-7

Altars:
Yredelemnul


Innate Abilities, Weirdness & Mutations

You have a pair of small antennae on your head.
You are completely covered in slimy green scales. (AC +4, rPois)


Message History

You barely miss something. Something hits you but does no damage.
You miss something. Something hits you.
* * * LOW HITPOINT WARNING * * *
You closely miss something.
You hear some strange, mumbled words.
Something tries to affect you, but you resist.
You miss something. Something hits you but does no damage.
You hear some strange, mumbled words.
A puff of flame appears from out of thin air!
The puff of flame hits you. You resist.
* * * LOW HITPOINT WARNING * * *
You hit something.
You hear some strange, mumbled words.
Something tries to affect you, but you resist.
You hit something.
Reactivating autopickup.
You feel a bit more experienced.
The orc priest calls down the wrath of Beogh upon you.
Beogh smites you!
You die...

.. .# .# .. .%. .
....#.############
##!...#...^#o..{.#
........@..#w###.#
#..#.#w####.# #.#
.....#.####w# #w#
#....o....)###†###.###
#####.###.............
...##..####.##.....
#.#.##...{...# ....
#.#.≈≈.≈≈#o.## ### #
.≈≈≈≈≈≈≈.#


You could see an orc priest and a dart slug.

Vanquished Creatures
  2 orc wizards (D:4)
  3 gnolls (D:3)
  4 adders
  An ooze (D:2)
  2 worms
  A dart slug (D:2)
  4 leopard geckos
  5 orcs
  4 giant cockroaches
  8 goblins
  6 hobgoblins
  A quokka (D:3)
  5 bats
  9 kobolds
  7 rats
62 creatures vanquished.

Notes
Turn   | Place    | Note
-------+----------+-------------------------------------------
     0 | D:1      | DarkinPup the Demonspawn Gladiator began the quest for the
                  | Orb.
     0 | D:1      | Reached XP level 1. HP: 16/16 MP: 1/1
   336 | D:1      | Gained mutation: You are partially covered in slimy green
                  | scales. (AC +2) [demonic ancestry]
   336 | D:1      | Reached XP level 2. HP: 22/22 MP: 2/2
   726 | D:2      | Gained mutation: You have a pair of small antennae on your
                  | head. [demonic ancestry]
   726 | D:2      | Reached XP level 3. HP: 20/28 MP: 3/3
  1056 | D:2      | Gained mutation: You are mostly covered in slimy green
                  | scales. (AC +3) [demonic ancestry]
  1056 | D:2      | Reached XP level 4. HP: 31/34 MP: 4/4
  1398 | D:3      | Reached skill level 1 in Armour
  2207 | D:3      | Found a basalt altar of Yredelemnul.
  2217 | D:3      | Gained mutation: You are completely covered in slimy green
                  | scales. (AC +4, rPois) [demonic ancestry]
  2217 | D:3      | Reached XP level 5. HP: 41/41 MP: 5/5
  2659 | D:4      | Killed from afar by an orc priest

Skill      XL: |  1  2  3  4 |
---------------+-------------+-----
Long Blades    | 3 |  3.8
Dodging        | 3 |  3.6
Armour         | 1 |  1.4
Fighting       | 3 |  3.5
Throwing       | |  1.7

Action                   |  1- 3 |  4- 6 || total
-------------------------+-------+-------++-------
Melee: Long sword        |    93 |   100 ||   193
  Use: Potion            |       |     3 ||     3
 Stab: Sleeping          |       |     1 ||     1
  Eat: Chunk             |     1 |     4 ||     5
Armor: Leather armour    |    40 |    47 ||    87
Dodge: Dodged            |    72 |    64 ||   136
       Rpst.: Long sword |    23 |    20 ||    43
